AoeStats
← Kalibra

Arabia

510609497Analyzed
1v1 RM · 24h ago on Oct 1, 2026· 45m 28s· 2 players
Game mode
Random Map
Map size
Tiny (2 player)
Population
200
Speed
Normal
Resources
Standard
Victory
Conquest
Starting age
Dark Age
Ending age
Imperial Age
RankedLock teamsTeams togetherTeam positionsShared explorationLock speedFull tech treeHidden civsTurbo modeCheats
Victory
Defeat
🇹🇷 Khmer · Türkiye
584
+16
🇨🇦 Chinese · Canada
582
-16
xanderoonie
0:41 Loom
13:42 Feudal Age
18:24 Scale Mail Armor
18:35 Forging
18:10 Man-at-Arms
18:37 Arson
19:39 Wheelbarrow
19:16 Double-Bit Axe
24:34 Horse Collar
27:38 Castle Age
27:32 Arson
29:00 Hand Cart
28:50 Squires
29:09 Chain Mail Armor
29:30 Iron Casting
29:12 Pikeman
32:11 Fletching
32:22 Padded Archer Armor
33:25 Bow Saw
41:08 Bodkin Arrow
41:30 Leather Archer Armor
41:24 Thumb Ring
47:18 Imperial Age
Kalibra
7:05 Loom
9:29 Feudal Age
10:05 Double-Bit Axe
19:06 Castle Age
17:44 Scale Barding Armor
18:24 Bloodlines
18:35 Forging
18:25 Horse Collar
20:43 Iron Casting
24:47 Gold Mining
25:20 Chain Barding Armor
24:51 Fletching
25:39 Bow Saw
28:16 Husbandry
28:16 Bodkin Arrow
28:21 Padded Archer Armor
28:34 Heavy Plow
28:39 Stone Mining
32:35 Wheelbarrow
34:32 Imperial Age
32:42 Gold Shaft Mining
32:42 Stone Shaft Mining
33:40 Leather Archer Armor
36:20 Hand Cart
37:11 Double Crossbow
36:33 Elite Ballista Elephant
38:46 Cavalier
42:04 Chemistry
41:43 Plate Barding Armor
41:09 Bracer
41:40 Ring Archer Armor
42:11 Blast Furnace
Connection lost

Rejoining the realm…

Still unreachable

The connection could not be restored.

Session expired

The server has moved on; the page needs a fresh start.